 Dungeon Crawl Stone Soup version 0.32-a0-468-g38b2580584 (webtiles) character file.

Game seed: 2533174181452632043

1790 Angani the Apothecary (level 9, -7/57 HPs)
             Began as a Coglin Alchemist on Feb 25, 2024.
             Was an Initiate of Gozag.
             Mangled by Maurice
             ... wielding a +0 dagger
              (8 damage)
             ... on level 7 of the Dungeon.
             The game lasted 00:12:59 (5929 turns).

Angani the Apothecary (Coglin Alchemist)            Turns: 5929, Time: 00:12:59

Health: -7/57      AC:  5    Str:  9    XL:     9   Next: 8%
Magic:  1/16       EV: 12    Int: 18    God:    Gozag
Gold:   0          SH:  5    Dex: 18    Spells: 5/18 levels left

rFire   + . .        i - +5 sling of Valour {flame, *Corrode Fly rPois Dex+3}
rCold   . . .        j - +0 sling {Nari}
rNeg    . . .        f - +1 robe {rF+}
rPois   +            a - +0 helmet
rElec   .            m - scarf {harm}
rCorr   .            k - +0 pair of gloves
SInv    .            (no boots)
Will    .....        d - amulet of reflection
Stlth   ++           (ring unavailable)
HPRegen 0.29/turn    (ring unavailable)
MPRegen 0.15/turn

%: corrode self (3%), harm (+30% outgoing, +20% incoming), reflection
@: gold aura, flying, revved
A: off-hand wielding, slow wielding, warmup strikes, no rings
a: Renounce Religion, Potion Petition, Call Merchant, Bribe Branch


You were on level 7 of the Dungeon.
You worshipped Gozag.
Gozag was noncommittal.
You visited 2 branches of the dungeon, and saw 8 of its levels.

You collected 63 gold pieces.
You paid 63 gold pieces to Gozag.

Inventory:

Hand Weapons
 i - the +5 sling of Valour (weapon) {flame, *Corrode Fly rPois Dex+3}
   (You found it on level 3 of the Dungeon)

   Dex+3:     It affects your dexterity (+3).
   rPois:     It protects you from poison Fly: It grants you flight.
   *Corrode:  It may corrode you when you take damage.
 j - a +0 sling (offhand) {Nari}
Armour
 a - a +0 helmet (worn)
 f - a +1 robe of fire resistance (worn)
 k - a +0 pair of gloves (worn)
 m - a scarf of harm (worn)
Jewellery
 d - an amulet of reflection (around neck)
Wands
 t - a wand of acid (10)
Scrolls
 h - 4 scrolls of fear {unknown}
 p - 2 scrolls of enchant weapon {unknown}
 q - 3 scrolls of silence {unknown}
 r - a scroll of amnesia {unknown}
 s - 3 scrolls of enchant armour {unknown}
 u - a scroll of noise {unknown}
Potions
 l - 3 potions of haste
 n - a potion of resistance


   Skills:
 + Level 3.2 Ranged Weapons
 - Level 1.7 Dodging
 - Level 1.5 Stealth
 + Level 5.1 Spellcasting
 - Level 3.9 Conjurations
 + Level 4.6 Fire Magic
 + Level 7.1 Alchemy


You had 5 spell levels left.
You knew the following spells:

 Your Spells              Type           Power      Damage    Failure   Level
a - Sting                 Conj/Alch      96%        1d9       1%          1
b - Mercury Vapours       Alch/Air       34%        N/A       4%          2
c - Sticky Flame          Fire/Alch      25%        2d6       12%         4
d - Eringya's Noxious Bo  Alch           15%        4d6       71%         6

Your spell library contained the following spells:

 Spells                   Type           Power      Damage    Failure   Level
 Olgreb's Toxic Radiance  Alch           30%        N/A       7%          4
 Mephitic Cloud           Conj/Alch/Air  17%        N/A       9%          3
 Sandblast                Erth           8%         2d5       13%         1
 Fulminant Prism          Conj/Alch      12%        3d8       13%         4
 Volatile Blastmotes      Fire/Tloc      26%        2d12      16%         3
 Stone Arrow              Conj/Erth      22%        3d8       19%         3
 Passwall                 Erth           4%         N/A       36%         3
 Brom's Barrelling Bould  Conj/Erth      11%        2d3       52%         4
 Iskenderun's Mystic Bla  Conj/Tloc      11%        2d4       52%         4
 Summon Forest            Summ/Tloc      2%         N/A       98%         5
 Summon Hydra             Summ           2%         N/A       100%        7


Dungeon Overview and Level Annotations

Branches:
Dungeon (7/15)             Temple (1/1) D:4

Altars:
Ashenzari
Cheibriados
Elyvilon
Fedhas
Gozag
Hepliaklqana
Kikubaaqudgha
Nemelex Xobeh
Okawaru
Sif Muna
Trog
Wu Jian
Xom
Yredelemnul
Zin
The Shining One
Beogh

Shops:
D:3 [   D:5 *

Annotations:
D:5 2 transporters, t4s4d4r's ghost, novice OpSh
D:6 3 runed translucent doors, senseless's ghost, novice MDFi
D:7 Maurice


Innate Abilities, Weirdness & Mutations

You can wield a second weapon in your off-hand.
It takes a long time for you to wield or remove held weapons.
Your first few attacks do less damage.
Your grasper-arms cannot wear rings.


Message History

The sky beast completely misses you.
You shoot a sling bullet.
The sling bullet closely misses the sky beast.
You shoot a sling bullet.
The sling bullet barely misses the sky beast.
The sky beast hits you. The sky beast shocks you.
* * * LOW HITPOINT WARNING * * *
The sky beast hits you.
* * * LOW HITPOINT WARNING * * *
The sky beast shocks you.
* * * LOW HITPOINT WARNING * * *
Unknown command.
You feel better. The sky beast hits you.
* * * LOW HITPOINT WARNING * * *
The sky beast shocks you.
* * * LOW HITPOINT WARNING * * *
Unknown command.
You shoot a sling bullet. The sling bullet misses the sky beast.
You shoot a sling bullet.
The sling bullet closely misses the sky beast.
You are no longer corroded.
Something hits you.
* * * LOW HITPOINT WARNING * * *
Something grunts, "Curses!"
Something completely misses you. The sky beast closely misses you.
Your magical contamination has completely faded away.
You shoot a sling bullet.
The sling bullet barely misses the sky beast.
You shoot a sling bullet. The sling bullet hits the sky beast.
The sling bullet burns the sky beast.
You kill the sky beast!
Something hits you!
* * * LOW HITPOINT WARNING * * *
Something mutters, "Now where did you hide it?"
You block something's attack.
As you read the scroll labelled QANNAG JU ROSK, it crumbles to dust.
The creatures around you are filled with an inner flame!
It was a scroll of immolation.
Something hits you!
You die...
Your body crumbles into a pile of gold.

*,,,,,,,,,,,,*#.*** #...###......
*,,,,,,,,....##..####....#.....<.
**,,**,,,...!.##.####............
****,,,,..........##....#.......
***,,,*#.........#....###...#.#
*,,,,**..........[.....##.#....
*,,,,,,.#............#....#....
*,,,,,,.#............#..#....##
**,*,,,.#....$@.......####...#
*,,*,,,...........##..# ##..#
***,,,,*,...........##### ####
*,,,,,,*,...........####
**,,,*,,,.....#....#####
***,*,,,....###.#.#####
****,,.....##########
*,,......######### **,,,,,***


There were no monsters in sight!

Vanquished Creatures
  Grinder (D:4)
  Sigmund (D:4)
  Edmund (D:6)
  A water moccasin (D:7)
  An orc warrior (D:6)
  A sky beast (D:7)
  An ice beast (D:5)
  A black bear (D:4)
  2 ogres
  2 scorpions
  4 hounds
  2 jellies
  A gnoll bouda (D:6)
  2 sleepcaps (D:6)
  An iguana (D:4)
  An orc wizard (D:4)
  6 adders
  9 gnolls
  A shadow imp (D:6)
  2 ribbon worms
  10 orcs
  6 bats
  5 endoplasms
  3 giant cockroaches
  3 goblins
  7 hobgoblins
  5 jackals
  7 kobolds
  A quokka (D:1)
  10 ball pythons
  3 frilled lizards
  8 rats
109 creatures vanquished.

Notes
Turn   | Place    | Note
-------+----------+-------------------------------------------
     0 | D:1      | Angani the Coglin Alchemist began the quest for the Orb.
     0 | D:1      | Reached XP level 1. HP: 13/13 MP: 3/3
    44 | D:1      | Reached skill level 1 in Conjurations
   189 | D:1      | Reached XP level 2. HP: 19/19 MP: 0/4
  1033 | D:1      | Reached XP level 3. HP: 18/24 MP: 2/6
  1334 | D:1      | Learned a level 2 spell: Mercury Vapours
  1514 | D:2      | Reached skill level 4 in Alchemy
  1514 | D:2      | Reached XP level 4. HP: 15/30 MP: 1/7
  1659 | D:2      | Learned a level 4 spell: Sticky Flame
  2466 | D:3      | Identified the +5 sling of Valour {flame, *Corrode Fly
                  | rPois Dex+3}
  2801 | D:3      | Noticed an animated storm dragon scales
  2804 | D:3      | Found Koufee's Armour Emporium.
  2805 | D:3      | Noticed an animated storm dragon scales
  2859 | D:3      | Reached XP level 5. HP: 35/35 MP: 9/9
  3571 | D:4      | Found a staircase to the Ecumenical Temple.
  3593 | D:4      | Reached skill level 1 in Fire Magic
  3662 | D:4      | Noticed a black bear
  3670 | D:4      | Killed a black bear
  3671 | D:4      | Reached XP level 6. HP: 41/41 MP: 2/10
  3761 | D:4      | Reached skill level 5 in Alchemy
  3979 | D:4      | Identified the +6 short sword of Desperation {freeze, rPois
                  | Int+4 Dex-3 SInv}
  4053 | D:4      | Noticed Sigmund
  4058 | D:4      | Killed Sigmund
  4059 | D:4      | Reached XP level 7. HP: 43/46 MP: 9/12
  4378 | D:4      | Noticed Grinder
  4388 | D:4      | Killed Grinder
  4581 | Temple   | Entered the Ecumenical Temple
  4600 | Temple   | Became a worshipper of Gozag Ym Sagoz the Greedy
  4639 | D:5      | Entered Level 5 of the Dungeon
  4666 | D:5      | Reached XP level 8. HP: 52/52 MP: 14/14
  4674 | D:5      | Found Gurghif's General Store.
  4697 | D:5      | Reached skill level 1 in Ranged Weapons
  4697 | D:5      | Reached skill level 6 in Alchemy
  4822 | D:5      | Found a glowing golden altar of the Shining One.
  5027 | D:5      | Found a transporter.
  5033 | D:5      | Identified the +0 scale mail "Bixakh" {rF++ Dex-4}
  5040 | D:5      | Found a transporter.
  5040 | D:5      | Noticed t4s4d4r's ghost (novice OpSh)
  5220 | D:6      | Learned a level 6 spell: Eringya's Noxious Bog
  5317 | D:6      | Found a white marble altar of Elyvilon.
  5364 | D:6      | Found a shimmering blue altar of Sif Muna.
  5409 | D:6      | Noticed Edmund
  5419 | D:6      | Killed Edmund
  5618 | D:6      | Found a runed translucent gate.
  5620 | D:6      | Found a runed translucent gate.
  5620 | D:6      | Noticed senseless's ghost (novice MDFi)
  5621 | D:6      | Found a runed translucent gate.
  5627 | D:6      | Found a roughly hewn altar of Beogh.
  5695 | D:6      | Found an iron altar of Okawaru.
  5857 | D:7      | Reached skill level 5 in Spellcasting
  5857 | D:7      | Reached skill level 7 in Alchemy
  5857 | D:7      | Reached XP level 9. HP: 56/57 MP: 11/16
  5911 | D:7      | Identified the +1 leather armour of an ossuary {*Corrode
                  | Regen+ Str+3}
  5911 | D:7      | Noticed Maurice
  5918 | D:7      | Something stole 535 gold
  5920 | D:7      | Something stole 74 gold
  5928 | D:7      | HP: 1/57 [something (8)]
  5929 | D:7      | Mangled by Maurice

Illustrated notes

Levels and vault maps discovered:
D:1:      amcnicky_arrival_abandoned_market, layout_basic
D:2:      layout_loops_ring
D:3:      layout_basic, serial_shops, nicolae_shop_mannequins, serial_bayou,
          serial_bayou_shore_b, serial_bayou_lagoon_a, serial_bayou_crossing,
          serial_bayou_pond_b, serial_bayou_shore_b, serial_bayou_shore_b,
          minmay_misc_feat_more_columns, minmay_misc_feat_ornament
D:4:      minmay_diamond_boxcup, layout_basic,
          minmay_temple_entry_gardened_gates, uniq_grinder, uniq_sigmund
D:5:      layout_rooms, nicolae_tso_swordbearing_angel, serial_shops,
          shop_coins, gammafunk_ghost_gnarly_gnolls
D:6:      layout_rooms, mainiacjoe_overflow_tiny_flanked,
          okawaru_altar_gauntlet_db, kennysheep_mini,
          biasface_ghost_orc_armoury, uniq_edmund
D:7:      layout_cave_pools, serial_shops, shop, shop, uniq_maurice,
          uniq_jeremiah
Temple:   hellmonk_temple_forest_ring

Skill      XL: |  1  2  3  4  5  6  7  8 |
---------------+-------------------------+-----
Conjurations   | 1 2 3 |  3.9
Spellcasting   | 2 3 4 5 |  5.1
Alchemy        | 4 5 7 |  7.1
Fire Magic     | 1 2 3 4 |  4.6
Ranged Weapons | 3 |  3.2
Dodging        | |  1.7
Stealth        | |  1.5

Action                     |  1- 3 |  4- 6 |  7- 9 || total
---------------------------+-------+-------+-------++-------
  Melee: Unarmed           |    40 |    11 |       ||    51
         Punch             |       |     1 |       ||     1
   Fire: Sling             |       |   118 |   222 ||   340
   Cast: Sting             |    46 |    32 |       ||    78
         Mercury Vapours   |     3 |    10 |     1 ||    14
         Sticky Flame      |       |       |     3 ||     3
    Use: Potion            |     1 |     2 |     2 ||     5
         Scroll            |       |       |     8 ||     8
 Armour: Robe              |    41 |    36 |    29 ||   106
         Skin              |       |    10 |       ||    10
  Dodge: Dodged            |    31 |    34 |    12 ||    77
  Block: Other             |       |       |     3 ||     3

Table legend: (Time is in decaauts)
 A = Elapsed time spent in this place.
 B = Non-inter-level travel time spent in this place.
 C = Inter-level travel time spent in this place.
 D = Time resting spent in this place.
 E = Time spent auto-exploring this place.
 F = Levels seen in this place.
 G = Mean time per level.
                   A        B        C        D        E       F      G
               +--------+--------+--------+--------+--------+-----+--------+
         Total |   5986 |   5692 |    294 |    751 |   4154 |   8 |  748.2 |
       Dungeon |   5956 |   5690 |    266 |    751 |   4154 |   7 |  850.9 |
        Temple |     30 |      2 |     28 |      0 |      0 |   1 |   30.0 |
               +--------+--------+--------+--------+--------+-----+--------+

Top non-repeatable levels by time:
     D:1: 1523 daAuts
     D:4: 1118 daAuts
     D:2: 1034 daAuts
     D:3: 962 daAuts
     D:6: 670 daAuts
     D:5: 566 daAuts
     D:7: 80 daAuts
  Temple: 30 daAuts
